 Dungeon Crawl Stone Soup version 0.25-a0-972-g74ed164fb1 (webtiles) character file.

Game seed: 9441632446010806740, levelgen mode: deterministic

44 FrogZ the Conjurer (level 3, 0/19 HPs)
             Began as a Deep Elf Conjurer on May 9, 2020.
             Slain by a bullfrog (1 damage)
             ... on level 1 of the Dungeon.
             The game lasted 00:08:10 (1202 turns).

FrogZ the Conjurer (Deep Elf Conjurer)              Turns: 1202, Time: 00:08:10

Health: 0/19       AC:  2    Str:  5    XL:     3   Next: 41%
Magic:  0/10       EV: 13    Int: 20    God:
Gold:   25         SH:  0    Dex: 15    Spells: 6/9 levels left

rFire    . . .     SeeInvis .   d - +0 short sword
rCold    . . .     Gourm    .   (no shield)
rNeg     . . .     Faith    .   a - +0 robe
rPois    .         Spirit   .   (no helmet)
rElec    .         Reflect  .   (no cloak)
rCorr    .         Harm     .   (no gloves)
MR       .....                  (no boots)
Stlth    ++........             (no amulet)
HPRegen  0.06/turn              (no ring)
MPRegen  0.12/turn              (no ring)

@: about to teleport
A: no striking features
a: no special abilities


You were on level 1 of the Dungeon.
You were hungry.

You visited 1 branch of the dungeon, and saw 2 of its levels.

You collected 25 gold pieces.

Inventory:

Hand Weapons
 d - a +0 short sword (weapon)
Armour
 a - a +0 robe (worn)
Jewellery
 g - an uncursed ring of protection from cold {unknown}
 h - an uncursed amulet of rage
Scrolls
 b - a scroll of noise {unknown}
 e - 2 scrolls of blinking {unknown}
 j - 2 scrolls of identify {unknown}
Potions
 i - a potion of degeneration {unknown}
Comestibles
 c - 2 rations
 f - 3 chunks of flesh


   Skills:
 - Level 2.4 Dodging
 - Level 2.4 Stealth
 + Level 3.9 Spellcasting
 * Level 5.3 Conjurations


You had 6 spell levels left.
You knew the following spells:

 Your Spells              Type           Power        Failure   Level  Hunger
a - Magic Dart            Conj           ####         1%          1    None
b - Searing Ray           Conj           ####..       2%          2    ##.....

Your spell library contained the following spells:

 Spells                   Type           Power        Failure   Level  Hunger
 Dazzling Flash           Conj/Hex       ##....       13%         3    ###....
 Fulminant Prism          Conj/Hex       ##........   41%         4    ####...
 Iskenderun's Mystic Bla  Conj/Tloc      ##......     41%         4    ####...


Dungeon Overview and Level Annotations

Branches:
Dungeon (2/15)

Altars:
Okawaru


Message History

The kobold hits you with a +0 short sword.
The bullfrog hits you!
You climb upwards.
There is a stone staircase leading down here.
The bullfrog hits you.
* * * LOW HITPOINT WARNING * * *
Casting: Searing Ray (safe; 2% risk of failure)
Confirm with . or Enter, or press ? or * to list all spells.
Aiming: Searing Ray (safe; 2% risk of failure)
Press: ? - help, Shift-Dir - straight line, f - bullfrog
Aim: a bullfrog The searing ray hits the bullfrog.
The bullfrog is moderately wounded. (Press . to maintain the ray.)
The bullfrog closely misses you.
The kobold hits you with a +0 short sword.
* * * LOW HITPOINT WARNING * * *
As you read the scroll of teleportation, it crumbles to dust.
You feel strangely unstable. The bullfrog hits you.
You die...

#....#.######)####....########..
##......#####.........## ##...
..............###.....# #....
##.....#....#####...#.# ##÷.#.
#)....####...#....##.# #..##.
##.....######...#..##.######..##.
................#..##..##........
#####...........#...##...........
#......(..)F@...##........##.
#.........>K####).........##.
#...........###...........##.
#####.........................##.
≈≈≈≈##>....(.......##...###......
...≈#..................########..
...≈##...........#..##........#..
...≈######....................#.#
...♣#####...)......)...########..


You could see a bullfrog and a kobold.

Vanquished Creatures
  A gnoll (D:1)
  A worm (D:2)
  A dart slug (D:1)
  A leopard gecko (D:1)
  2 bats (D:1)
  2 giant cockroaches (D:1)
  7 hobgoblins (D:1)
  2 kobolds (D:1)
  A frilled lizard (D:2)
  4 goblins (D:1)
  6 rats
28 creatures vanquished.

Vanquished Creatures (others)
  5 toadstools (D:1)
5 creatures vanquished.

Grand Total: 33 creatures vanquished

Notes
Turn   | Place    | Note
-------+----------+-------------------------------------------
     0 | D:1      | FrogZ the Deep Elf Conjurer began the quest for the Orb.
     0 | D:1      | Reached XP level 1. HP: 10/10 MP: 6/6
   370 | D:1      | Reached XP level 2. HP: 15/15 MP: 4/8
   408 | D:1      | Learned a level 2 spell: Searing Ray
   491 | D:1      | Reached skill level 5 in Conjurations
   658 | D:1      | Reached XP level 3. HP: 19/19 MP: 7/10
  1190 | D:2      | Found an iron altar of Okawaru.
  1194 | D:2      | Noticed a bullfrog
  1202 | D:1      | Slain by a bullfrog

Illustrated notes

Levels and vault maps discovered:
D:1:      ldierk_walled_garden, layout_rooms
D:2:      layout_basic, okawaru_ov_weapons_minmay, uniq_natasha

Skill      XL: |  1  2 |
---------------+-------+-----
Conjurations   | 5 |  5.3
Dodging        | |  2.4
Stealth        | |  2.4
Spellcasting   | |  3.9

Action                   || total
-------------------------++-------
Melee: Unarmed           ||    16
       Short sword       ||     5
 Cast: Magic Dart        ||    17
       Searing Ray       ||    29
  Use: Scroll            ||     3
  Eat: Chunk             ||     1
Armor: Robe              ||     2
Dodge: Dodged            ||    16

Table legend:
 A = Non-vault XP
 B = Vault XP
 C = Vault XP percentage of total XP
 D = Non-vault monster count
 E = Vault monster count
 F = Vault count percentage of total count
                 A         B        C        D         E       F
            +---------+---------+-------+---------+---------+-------
      Total |      64 |       0 |   0.0 |      28 |       0 |   0.0
            +---------+---------+-------+---------+---------+-------
        D:1 |      57 |       0 |   0.0 |      25 |       0 |   0.0
        D:2 |       7 |       0 |   0.0 |       3 |       0 |   0.0
            +---------+---------+-------+---------+---------+-------
